 Dungeon Crawl Stone Soup version 0.19-a0-475-gfca3800 (webtiles) character file.

21 namelastname112 the Grave Robber (level 2, -1/16 HPs)
             Began as a Tengu Necromancer on June 4, 2016.
             Slain by a hobgoblin
             ... wielding a +0 club
              (3 damage)
             ... on level 1 of the Dungeon.
             The game lasted 00:01:17 (915 turns).

namelastname112 the Grave Robber (Tengu Necromancer) Turns: 915, Time: 00:01:18

Health: -1/16      AC:  2    Str:  8    XL:     2   Next: 83%
Magic:  0/6        EV: 13    Int: 15    God:
Gold:   37         SH:  0    Dex: 14    Spells: 2 memorised, 3 levels left

rFire  . . .     SeeInvis .     g - +0 short sword
rCold  . . .     Gourm    .     a - +0 robe
rNeg   . . .     Faith    .     (no shield)
rPois  .         Spirit   .     (helmet restricted)
rElec  .         Dismiss  .     (no cloak)
rCorr  .         Reflect  .     (no gloves)
SustAt +         Harm     .     (boots unavailable)
MR     .....                    (no amulet)
Stlth  ++........               (no ring)
                                h - ring of sustain attributes

@: not resistant to hostile enchantments, unstealthy
A: beak, talons 3
a: no special abilities


You were on level 1 of the Dungeon.
You were hungry.

You visited 1 branch of the dungeon, and saw 1 of its levels.

You collected 37 gold pieces.

Inventory:

Hand Weapons
 g - a +0 short sword (weapon)
Armour
 a - a +0 robe (worn)
Jewellery
 h - a ring of sustain attributes (left hand)
Scrolls
 d - a scroll of enchant weapon {unknown}
 e - 3 scrolls of identify {unknown}
Potions
 i - a potion of degeneration {unknown}
Books
 b - a book of Necromancy

   Spells                             Type                      Level
   a - Pain                           Necromancy                   1
   b - Animate Skeleton               Necromancy                   1
   c - Vampiric Draining              Necromancy                   3
   d - Regeneration                   Charms/Necromancy            3
   e - Animate Dead                   Necromancy                   4
   f - Control Undead                 Necromancy                   4
Comestibles
 c - a bread ration
 f - 2 meat rations


   Skills:
 + Level 0.8 Fighting
 + Level 2.5 Dodging
 - Level 2.0 Stealth
 + Level 2.1 Spellcasting
 * Level 4.8 Necromancy


You had 3 spell levels left.
You knew the following spells:

 Your Spells              Type           Power        Failure   Level  Hunger
a - Animate Skeleton      Necr           N/A          3%          1    #......
z - Pain                  Necr           ###.         3%          1    #......


Dungeon Overview and Level Annotations

Branches:
Dungeon (1/15)

Altars:


Innate Abilities, Weirdness & Mutations

You have a beak for a mouth.
You have claws for feet.


Message History

The hobgoblin shouts!
You take 1 damage, and have 3/16 hp.
You now have 0/6 mp.
Unknown command.
You see here a goblin corpse.
You are feeling hungry.
There is an open door here.
Casting: Pain
Confirm with . or Enter, or press ? or * to list all spells.
Aiming: Pain
Press: ? - help, Shift-Dir - straight line, f - hobgoblin
Aim: a hobgoblin, wielding a club (chance to defeat MR: 93%)
The hobgoblin convulses in agony!
You take 1 damage, and have 3/16 hp.
You now have 1/6 mp.
Casting: Pain
Confirm with . or Enter, or press ? or * to list all spells.
Aiming: Pain
Press: ? - help, Shift-Dir - straight line, f/p - hobgoblin
Aim: a hobgoblin, wielding a club (severely wounded, chance to defeat MR: 93%)
The hobgoblin convulses in agony!
The hobgoblin hits you with a club.
You die...

###.#..#.........)...
#.#..##........⌠...
#######.#...##...⌠.......
#.......#....###.........
#.##########...#####.....
#.##..g......†.....######
#.##.#######...........%.
######.##.##...##.....########
#......##..'g@........'.....#
###.########)..##.....#####.#
#.# #...######## #.# #.# #####
#.# #.# #.#
#.#######################.#
#........................[#
######....#########...#####
#....# #...#


You could see a hobgoblin.

Vanquished Creatures
  3 goblins (D:1)
  2 hobgoblins (D:1)
  5 jackals (D:1)
  A ball python (D:1)
  3 bats (D:1)
  3 giant newts (D:1)
  2 kobolds (D:1)
  A rat (D:1)
20 creatures vanquished.

Notes
Turn   | Place    | Note
--------------------------------------------------------------
     0 | D:1      | namelastname112 the Tengu Necromancer began the quest for the Orb.
     0 | D:1      | Reached XP level 1. HP: 10/10 MP: 4/4
   248 | D:1      | Learned a level 1 spell: Animate Skeleton
   371 | D:1      | Reached XP level 2. HP: 3/16 MP: 3/6
   915 | D:1      | Slain by a hobgoblin

Vault maps used:
D:1:      dpeg_arrival_water_temple_mockup

Action                   || total
-------------------------++-------
 Cast: Pain              ||    31
       Animate Skeleton  ||     4
Armor: Robe              ||     2
Dodge: Dodged            ||     5
